Demolitions vs Senators
(R2)
Created - April 18, 2018 at 23:14
Goals
|
Demolitions |
0 |
3 |
1 |
4 |
Senators |
1 |
1 |
1 |
3 |
|
Shots
|
Demolitions |
12 |
7 |
11 |
30 |
Senators |
9 |
10 |
8 |
27 |
|
1st period
1. Senators , Gabriel Bourque 41 (Stephane Da Costa 62) at 10:27 (SH)
Penalties :
Patrick Bordeleau (BIN) for Hooking (Minor) at 1:03, Matt Frattin (BIN) for Interference (Minor) at 8:47, Ryan Russell (Vic) for Hooking (Minor) at 18:08
2nd period
2. Demolitions , Bobby Butler 38 (Jonathan Blum 30) at 0:50
3. Senators , Tommy Wingels 20 (Logan Stephenson 32) at 8:03
4. Demolitions , Erik Condra 46 (Ryan Bayda 47) at 11:00
5. Demolitions , Corban Knight 16 (Mike Sauer 22, Bobby Butler 45) at 16:07 (PP)
Penalties :
Frazer Mclaren (Vic) for Holding (Minor) at 2:15, Jack Skille (Vic) for Hooking (Minor) at 11:58, Arturs Kulda (BIN) for Interference (Minor) at 15:26, Cameron Schilling (Vic) for Holding (Minor) at 17:51
3rd period
6. Senators , Gabriel Bourque 42 (Stephane Da Costa 63) at 0:06
7. Demolitions , Nicolas Blanchard 27 (Jonathan Blum 31, Cameron Schilling 28) at 4:21 (PP)
Penalties :
Seth Helgeson (Vic) for Hooking (Minor) at 0:15, Gabriel Bourque (BIN) for High sticking (Minor) at 3:36, Arturs Kulda (BIN) for Roughing (Minor) at 3:39, Corban Knight (Vic) for Tripping (Minor) at 10:06, Dylan Blujus (BIN) for Elbowing (Minor) at 12:33, Chris Thorburn (BIN) for Cross-checking (Minor) at 13:55, Ian Cole (BIN) for Hooking (Minor) at 19:54
Goalie Stats
Joe Cannata (Vic), 24 saves from 27 shots - (0.889), W, 9-16-5, 60:00 minutes
Brad Thiessen (BIN), 26 saves from 30 shots - (0.867), L, 34-20-3, 58:54 minutes
Players Stats for Demolitions
Player Name G A P +/- PIM S H SB GA TA FO MP PP MP PK MP
------------------------------------------------------------------------------------
Aaron Palushaj 0 0 0 0 0 0 0 0 0 0 0/0 5:25 0:00 0:00
Alex Hutchings 0 0 0 0 0 0 1 0 0 0 0/0 3:27 0:00 2:18
Andrej Nestrasil 0 0 0 0 0 1 0 0 0 0 2/3 5:25 0:00 0:00
Billy Sweat 0 0 0 0 0 0 0 0 0 0 0/1 1:40 0:31 0:00
Bobby Butler 1 1 2 0 0 3 4 0 0 3 7/14 25:29 5:36 6:36
Brandon McMillan 0 0 0 0 0 0 1 0 0 0 0/5 7:57 0:00 0:00
Cameron Schilling 0 1 1 -2 2 3 1 0 0 2 0/0 27:21 6:26 5:32
Colton Sceviour 0 0 0 0 0 0 0 0 0 0 0/0 0:00 0:00 0:00
Corban Knight 1 0 1 0 2 4 0 0 0 0 13/22 18:36 5:36 0:10
Derek Forbort 0 0 0 1 0 1 1 0 0 0 0/0 2:39 0:00 0:00
Dmitri Orlov 0 0 0 0 0 1 0 1 0 1 0/0 9:27 0:00 1:33
Erik Condra 1 0 1 0 0 3 0 1 1 0 1/3 22:52 5:05 3:47
Frazer Mclaren 0 0 0 0 2 0 0 1 0 0 1/1 7:57 0:00 0:00
Jack Skille 0 0 0 -1 2 2 3 2 1 0 0/0 17:47 4:31 3:06
Jonathan Blum 0 2 2 -2 0 3 0 2 0 1 0/0 28:31 6:26 6:41
Josh Beaulieu 0 0 0 0 0 0 1 0 0 0 0/0 3:45 0:00 1:18
Mike Sauer 0 1 1 0 0 1 1 0 1 3 0/0 21:01 3:41 5:09
Mikko Lehtonen 0 0 0 0 0 0 1 1 0 1 1/1 7:57 0:00 0:00
Nick Pryor 0 0 0 0 0 0 0 0 0 0 0/0 0:00 0:00 0:00
Nicolas Blanchard 1 0 1 -1 0 3 2 1 0 0 11/21 13:24 4:31 0:00
Robert Bortuzzo 0 0 0 0 0 0 0 1 0 0 0/0 8:09 0:00 0:24
Ryan Bayda 0 1 1 -1 0 3 1 0 1 0 0/1 20:32 4:31 6:33
Ryan Russell 0 0 0 0 2 1 0 0 1 0 0/0 5:39 0:00 0:00
Seth Helgeson 0 0 0 0 2 1 1 1 0 0 0/0 20:21 3:41 4:29
Taylor Aronson 0 0 0 1 0 0 0 0 0 0 0/0 2:39 0:00 0:00
Players Stats for Senators
Player Name G A P +/- PIM S H SB GA TA FO MP PP MP PK MP
------------------------------------------------------------------------------------
Arturs Kulda 0 0 0 1 4 1 5 4 3 1 0/0 29:29 6:52 4:37
Chandler Stephenson 0 0 0 0 0 0 0 0 0 0 0/0 0:11 0:11 0:00
Chris Thorburn 0 0 0 1 2 4 2 0 1 0 2/4 21:13 6:11 2:25
Dylan Blujus 0 0 0 0 2 0 0 0 0 1 0/0 10:06 0:00 1:53
Freddie Hamilton 0 0 0 0 0 0 0 0 0 0 0/0 0:11 0:11 0:00
Gabriel Bourque 2 0 2 2 2 4 1 1 1 1 1/3 24:44 6:11 5:32
Ian Cole 0 0 0 1 2 3 1 2 1 0 0/0 29:28 6:52 6:30
Jarrod Maidens 0 0 0 0 0 0 0 0 0 0 1/2 1:11 0:00 1:01
Jeff Petry 0 0 0 0 0 0 2 1 0 1 0/0 20:26 5:02 3:37
Keegan Lowe 0 0 0 0 0 0 0 0 0 0 0/0 1:51 0:00 0:00
Logan Stephenson 0 1 1 0 0 0 1 2 1 1 0/0 20:26 5:02 3:37
Marc-André Bernier 0 0 0 -1 0 1 0 0 0 0 0/0 9:15 0:00 0:00
Matt Frattin 0 0 0 1 2 6 3 0 1 0 0/1 16:36 5:32 0:00
Olli Maatta 0 0 0 0 0 0 0 0 0 0 0/0 8:14 0:00 0:00
Patrick Bordeleau 0 0 0 1 2 2 1 0 1 0 0/0 16:50 5:32 0:00
Phil Di Giuseppe 0 0 0 -1 0 0 0 0 0 0 0/0 4:36 0:00 0:00
Ryan Dzingel 0 0 0 -1 0 0 2 0 0 0 0/1 9:28 0:00 0:13
Shane Prince 0 0 0 -1 0 0 1 0 0 0 3/5 9:15 0:00 0:00
Stephane Da Costa 0 2 2 2 0 3 0 0 1 0 22/40 25:46 6:19 6:22
Tomas Jurco 0 0 0 -1 0 0 0 0 0 0 0/0 4:39 0:03 0:00
Tommy Wingels 1 0 1 1 0 3 0 0 1 0 6/15 19:30 5:32 2:55
Zemgus Girgensons 0 0 0 -1 0 0 1 0 0 0 1/1 5:01 0:00 0:25
3 Stars
1 - Gabriel Bourque (BIN)
2 - Bobby Butler (Vic)
3 - Stephane Da Costa (BIN)
Power Play
Demolitions - 2 on 8 Attempt(s) - 25.00%
Senators - 0 on 6 Attempt(s) - 0.00%
Penalty Kill
Demolitions - 6 on 6 Attempt(s) - 100.00%
- Score 0 goal in Penalty Kill
Senators - 6 on 8 Attempt(s) - 75.00%
- Score 1 goal in Penalty Kill
Team Stat
Demolitions - Hits : 18 - Faceoff Wins : 36 - Blocked Shots : 11 - Penalty Minutes : 12
Senators - Hits : 20 - Faceoff Wins : 36 - Blocked Shots : 10 - Penalty Minutes : 16
Official
Referees : Furlatt Eric and Marouelli Dan
Linesman : Michel Cormier and Don Henderson
Game Notes
4:21 of 3rd period - Demolitions goal is going for a video replay. After video review, Goal.
Finance
Level 1 -- Attendance: 1341 (67.05%) -- Ticket Income $44,253
Level 2 -- Attendance: 720 (72.00%) -- Ticket Income $10,800
Total Attendance: 2061 (68.70%)
Total Ticket Income: $55,053
Other Income: $2,753
Total Income: $57,806
Demolitions
5 vs 5 Forward
Center Left Wing Right Wing Time % Phy DF OF
1 Corban Knight Bobby Butler Erik Condra 40 1 2 2
2 Nicolas Blanchard Ryan Bayda Jack Skille 30 1 2 2
3 Brandon McMillan Frazer Mclaren Mikko Lehtonen 20 1 2 2
4 Andrej Nestrasil Ryan Russell Aaron Palushaj 10 1 2 2
5 vs 5 Defense
Defense Defense Time % Phy DF OF
1 Cameron Schilling Jonathan Blum 40 1 2 2
2 Seth Helgeson Mike Sauer 30 1 2 2
3 Dmitri Orlov Robert Bortuzzo 20 1 2 2
4 Taylor Aronson Derek Forbort 10 1 2 2
PowerPlay Forward
Center Left Wing Right Wing Time % Phy DF OF
1 Corban Knight Bobby Butler Erik Condra 60 1 2 2
2 Nicolas Blanchard Ryan Bayda Jack Skille 40 1 2 2
PowerPlay Defense
Defense Defense Time % Phy DF OF
1 Cameron Schilling Jonathan Blum 60 1 2 2
2 Seth Helgeson Mike Sauer 40 1 2 2
Penalty Kill 4 Players Forward
Center Wing Time % Phy DF OF
1 Bobby Butler Ryan Bayda 60 1 2 2
2 Erik Condra Jack Skille 40 1 2 2
Penalty Kill 4 Players Defense
Defense Defense Time % Phy DF OF
1 Cameron Schilling Jonathan Blum 60 1 2 2
2 Seth Helgeson Mike Sauer 40 1 2 2
Penalty Kill - 3 Players Forward
Forward Time % Phy DF OF
1 Bobby Butler 60 1 2 2
2 Ryan Bayda 40 1 2 2
Penalty Kill - 3 Players Defense
Defense Defense Time % Phy DF OF
1 Cameron Schilling Jonathan Blum 60 1 2 2
2 Seth Helgeson Mike Sauer 40 1 2 2
4 vs 4 Forward
Center Wing Time % Phy DF OF
1 Bobby Butler Ryan Bayda 60 1 2 2
2 Erik Condra Jack Skille 40 1 2 2
4 vs 4 Defense
Defense Defense Time % Phy DF OF
1 Cameron Schilling Jonathan Blum 60 1 2 2
2 Seth Helgeson Mike Sauer 40 1 2 2
Last Minutes Offensive
Center Left Wing Right Wing Defense Defense
Corban Knight Bobby Butler Erik Condra Cameron Schilling Jonathan Blum
Last Minutes Defensive
Center Left Wing Right Wing Defense Defense
Corban Knight Bobby Butler Erik Condra Cameron Schilling Jonathan Blum
Goaltenders
Starting : Joe Cannata
Backup : Olivier Roy
Extra Forwards
Normal : Billy Sweat, Josh Beaulieu, Alex Hutchings - PP : Billy Sweat, Josh Beaulieu - PK : Alex Hutchings
Extra Defensemen
Normal : Nick Pryor, Dmitri Orlov, Robert Bortuzzo - PP : Nick Pryor - PK : Dmitri Orlov, Robert Bortuzzo
Penalty Shots
Bobby Butler, Ryan Bayda, Erik Condra, Jack Skille, Frazer Mclaren
Scratches
Ryan Olsen (Healthy), Thomas DiPauli (Healthy), Taylor Leier (Healthy), Mitchell Moroz (Healthy), Jake Paterson (Healthy)
Jussi Rynnas (Healthy)
Senators
5 vs 5 Forward
Center Left Wing Right Wing Time % Phy DF OF
1 Stephane Da Costa Gabriel Bourque Chris Thorburn 40 1 2 2
2 Tommy Wingels Patrick Bordeleau Matt Frattin 30 1 2 2
3 Shane Prince Ryan Dzingel Marc-André Bernier 20 1 2 2
4 Zemgus Girgensons Phil Di Giuseppe Tomas Jurco 10 1 2 2
5 vs 5 Defense
Defense Defense Time % Phy DF OF
1 Arturs Kulda Ian Cole 40 1 2 2
2 Logan Stephenson Jeff Petry 30 1 2 2
3 Olli Maatta Dylan Blujus 20 1 2 2
4 Keegan Lowe Arturs Kulda 10 1 2 2
PowerPlay Forward
Center Left Wing Right Wing Time % Phy DF OF
1 Stephane Da Costa Gabriel Bourque Chris Thorburn 60 1 2 2
2 Tommy Wingels Patrick Bordeleau Matt Frattin 40 1 2 2
PowerPlay Defense
Defense Defense Time % Phy DF OF
1 Arturs Kulda Ian Cole 60 1 2 2
2 Logan Stephenson Jeff Petry 40 1 2 2
Penalty Kill 4 Players Forward
Center Wing Time % Phy DF OF
1 Stephane Da Costa Gabriel Bourque 60 1 2 2
2 Chris Thorburn Tommy Wingels 40 1 2 2
Penalty Kill 4 Players Defense
Defense Defense Time % Phy DF OF
1 Arturs Kulda Ian Cole 60 1 2 2
2 Logan Stephenson Jeff Petry 40 1 2 2
Penalty Kill - 3 Players Forward
Forward Time % Phy DF OF
1 Stephane Da Costa 60 1 2 2
2 Gabriel Bourque 40 1 2 2
Penalty Kill - 3 Players Defense
Defense Defense Time % Phy DF OF
1 Arturs Kulda Ian Cole 60 1 2 2
2 Logan Stephenson Jeff Petry 40 1 2 2
4 vs 4 Forward
Center Wing Time % Phy DF OF
1 Stephane Da Costa Gabriel Bourque 60 1 2 2
2 Chris Thorburn Tommy Wingels 40 1 2 2
4 vs 4 Defense
Defense Defense Time % Phy DF OF
1 Arturs Kulda Ian Cole 60 1 2 2
2 Logan Stephenson Jeff Petry 40 1 2 2
Last Minutes Offensive
Center Left Wing Right Wing Defense Defense
Stephane Da Costa Gabriel Bourque Chris Thorburn Arturs Kulda Ian Cole
Last Minutes Defensive
Center Left Wing Right Wing Defense Defense
Stephane Da Costa Gabriel Bourque Chris Thorburn Arturs Kulda Ian Cole
Goaltenders
Starting : Brad Thiessen
Backup : Ben Bishop
Extra Forwards
Normal : Freddie Hamilton, Chandler Stephenson, Jarrod Maidens - PP : Freddie Hamilton, Chandler Stephenson - PK : Jarrod Maidens
Extra Defensemen
Normal : Olli Maatta, Dylan Blujus, Keegan Lowe - PP : Olli Maatta - PK : Dylan Blujus, Keegan Lowe
Penalty Shots
Stephane Da Costa, Gabriel Bourque, Chris Thorburn, Tommy Wingels, Matt Frattin
Scratches
Shane Sims (Healthy), Matt Murray (Healthy), Matt Tomkins (Healthy)
% Time on Ice - Demolitions
Lines # - Real PCT - Wanted PCT - Time Play
Normal Forward
1 - 33% - 40% - 12:17
2 - 31% - 30% - 11:20
3 - 21% - 20% - 7:57
4 - 15% - 10% - 5:25
Normal Defense
1 - 42% - 40% - 15:24
2 - 33% - 30% - 12:11
3 - 18% - 20% - 6:45
4 - 7% - 10% - 2:39
PP Forward
1 - 55% - 60% - 5:36
2 - 45% - 40% - 4:31
PP Defense
1 - 64% - 60% - 6:26
2 - 36% - 40% - 3:41
PK Forward
1 - 68% - 60% - 8:07
2 - 32% - 40% - 3:47
PK Defense
1 - 57% - 60% - 6:45
2 - 43% - 40% - 5:09
PK3 Forward
1 - 0% - 60%
2 - 0% - 40%
PK3 Defense
1 - 0% - 60%
2 - 0% - 40%
44 Forward
1 - 0% - 60%
2 - 0% - 40%
44 Defense
1 - 0% - 60%
2 - 0% - 40%
Last Minute Offensive - 0:00
Last Minute Defensive - 1:00
Total
Forward - 60:00
Defense - 60:00
|
% Time on Ice - Senators
Lines # - Real PCT - Wanted PCT - Time Play
Normal Forward
1 - 32% - 40% - 11:55
2 - 30% - 30% - 11:03
3 - 25% - 20% - 9:15
4 - 12% - 10% - 4:36
Normal Defense
1 - 41% - 40% - 14:57
2 - 32% - 30% - 11:47
3 - 22% - 20% - 8:14
4 - 5% - 10% - 1:51
PP Forward
1 - 54% - 60% - 6:22
2 - 46% - 40% - 5:32
PP Defense
1 - 58% - 60% - 6:52
2 - 42% - 40% - 5:02
PK Forward
1 - 67% - 60% - 5:53
2 - 33% - 40% - 2:55
PK Defense
1 - 64% - 60% - 5:37
2 - 36% - 40% - 3:11
PK3 Forward
1 - 100% - 60% - 1:19
2 - 0% - 40% - 0:00
PK3 Defense
1 - 67% - 60% - 0:53
2 - 33% - 40% - 0:26
44 Forward
1 - 0% - 60%
2 - 0% - 40%
44 Defense
1 - 0% - 60%
2 - 0% - 40%
Last Minute Offensive - 1:10
Last Minute Defensive - 0:00
Total
Forward - 60:00
Defense - 60:00
|
Play by Play
1st period
0:01 of 1st period - Corban Knight wins face-off versus Stephane Da Costa in neutral zone.
0:26 of 1st period - Erik Condra is hit by Ryan Dzingel and loses puck.
0:39 of 1st period - Wrist shot by Erik Condra.
0:39 of 1st period - Stopped by Brad Thiessen with a rebound.
0:41 of 1st period - Wrist shot by Corban Knight.
0:41 of 1st period - Stopped by Brad Thiessen without a rebound.
0:42 of 1st period - Nicolas Blanchard wins face-off versus Tommy Wingels in Senators zone.
0:51 of 1st period - Snap shot by Ryan Bayda.
0:51 of 1st period - Stopped by Brad Thiessen with a rebound.
0:53 of 1st period - Slapshot by Dmitri Orlov.
0:53 of 1st period - Stopped by Brad Thiessen with a rebound.
0:57 of 1st period - Wrist shot by Jack Skille.
0:57 of 1st period - Stopped by Brad Thiessen with a rebound.
1:03 of 1st period - Minor Penalty to Patrick Bordeleau for Hooking.
1:04 of 1st period - Stephane Da Costa wins face-off versus Corban Knight in Senators zone.
1:31 of 1st period - Gabriel Bourque is hit by Nicolas Blanchard and loses puck.
2:07 of 1st period - Icing by Ryan Bayda.
2:08 of 1st period - Stephane Da Costa wins face-off versus Nicolas Blanchard in Demolitions zone.
2:17 of 1st period - Ian Cole is hit by Bobby Butler and loses puck.
3:03 of 1st period - Penalty to Patrick Bordeleau is over, Patrick Bordeleau is back on ice.
3:08 of 1st period - Slapshot by Jonathan Blum.
3:08 of 1st period - Stopped by Brad Thiessen with a rebound.
3:10 of 1st period - Slapshot by Cameron Schilling.
3:10 of 1st period - Stopped by Brad Thiessen with a rebound.
3:12 of 1st period - Backhand shot by Cameron Schilling.
3:12 of 1st period - Stopped by Brad Thiessen with a rebound.
3:53 of 1st period - Snap shot by Phil Di Giuseppe.
3:53 of 1st period - Shot Blocked by Jack Skille.
4:37 of 1st period - Wrist shot by Ryan Bayda.
4:37 of 1st period - Shot Misses the Net.
5:18 of 1st period - Icing by Gabriel Bourque.
5:19 of 1st period - Nicolas Blanchard wins face-off versus Stephane Da Costa in Senators zone.
5:48 of 1st period - Wrist shot by Matt Frattin.
5:48 of 1st period - Shot Misses the Net.
6:25 of 1st period - Icing by Cameron Schilling.
6:26 of 1st period - Zemgus Girgensons wins face-off versus Nicolas Blanchard in Demolitions zone.
6:27 of 1st period - Snap shot by Tomas Jurco.
6:27 of 1st period - Shot Misses the Net.
6:51 of 1st period - Erik Condra is hit by Chris Thorburn and loses puck.
6:58 of 1st period - Dylan Blujus is hit by Bobby Butler and loses puck.
8:47 of 1st period - Minor Penalty to Matt Frattin for Interference.
8:48 of 1st period - Gabriel Bourque wins face-off versus Corban Knight in Senators zone.
9:22 of 1st period - Snap shot by Ryan Bayda.
9:22 of 1st period - Deflect By Nicolas Blanchard.
9:22 of 1st period - Stopped by Brad Thiessen without a rebound.
9:23 of 1st period - Chris Thorburn wins face-off versus Nicolas Blanchard in Senators zone.
10:03 of 1st period - Snap shot by Ryan Bayda.
10:03 of 1st period - Stopped by Brad Thiessen with a rebound.
10:09 of 1st period - Snap shot by Ryan Bayda.
10:09 of 1st period - Shot Blocked by Arturs Kulda.
10:11 of 1st period - Slapshot by Nicolas Blanchard.
10:11 of 1st period - Shot Misses the Net.
10:13 of 1st period - Snap shot by Ryan Bayda.
10:13 of 1st period - Deflect By Arturs Kulda.
10:13 of 1st period - Shot Blocked by Ian Cole.
10:13 of 1st period - Puck is out of play.
10:14 of 1st period - Stephane Da Costa wins face-off versus Bobby Butler in Senators zone.
10:25 of 1st period - Wrist shot by Gabriel Bourque.
10:25 of 1st period - Shot Misses the Net.
10:27 of 1st period - Snap shot by Gabriel Bourque.
10:27 of 1st period - Goal by Gabriel Bourque - Demolitions : 0 - Senators : 1.
10:28 of 1st period - Stephane Da Costa wins face-off versus Corban Knight in neutral zone.
10:39 of 1st period - Wrist shot by Bobby Butler.
10:39 of 1st period - Shot Blocked by Arturs Kulda.
10:41 of 1st period - Snap shot by Cameron Schilling.
10:41 of 1st period - Shot Misses the Net.
10:43 of 1st period - Wrist shot by Bobby Butler.
10:43 of 1st period - Shot Misses the Net.
10:47 of 1st period - Penalty to Matt Frattin is over, Matt Frattin is back on ice.
10:55 of 1st period - Backhand shot by Mikko Lehtonen.
10:55 of 1st period - Deflect By Frazer Mclaren.
10:55 of 1st period - Shot Misses the Net.
10:55 of 1st period - Puck is out of play.
10:56 of 1st period - Tommy Wingels wins face-off versus Brandon McMillan in Senators zone.
10:56 of 1st period - Tommy Wingels is hit by Brandon McMillan.
11:11 of 1st period - Snap shot by Patrick Bordeleau.
11:11 of 1st period - Stopped by Joe Cannata without a rebound.
11:12 of 1st period - Erik Condra wins face-off versus Stephane Da Costa in Demolitions zone.
11:25 of 1st period - Wrist shot by Stephane Da Costa.
11:25 of 1st period - Deflect By Gabriel Bourque.
11:25 of 1st period - Shot Misses the Net.
11:25 of 1st period - Puck is out of play.
11:26 of 1st period - Stephane Da Costa wins face-off versus Corban Knight in Demolitions zone.
12:03 of 1st period - Snap shot by Gabriel Bourque.
12:03 of 1st period - Stopped by Joe Cannata without a rebound.
12:04 of 1st period - Corban Knight wins face-off versus Tommy Wingels in Demolitions zone.
12:12 of 1st period - Off-side.
12:13 of 1st period - Corban Knight wins face-off versus Tommy Wingels in neutral zone.
12:18 of 1st period - Wrist shot by Corban Knight.
12:18 of 1st period - Shot Misses the Net.
12:51 of 1st period - Icing by Cameron Schilling.
12:52 of 1st period - Stephane Da Costa wins face-off versus Corban Knight in Demolitions zone.
12:53 of 1st period - Snap shot by Gabriel Bourque.
12:53 of 1st period - Deflect By Chris Thorburn.
12:53 of 1st period - Stopped by Joe Cannata with a rebound.
13:19 of 1st period - Jonathan Blum is hit by Zemgus Girgensons and loses puck.
14:00 of 1st period - Erik Condra is hit by Arturs Kulda.
14:04 of 1st period - Wrist shot by Tomas Jurco.
14:04 of 1st period - Deflect By Zemgus Girgensons.
14:04 of 1st period - Shot Misses the Net.
14:04 of 1st period - Puck is out of play.
14:05 of 1st period - Stephane Da Costa wins face-off versus Ryan Bayda in Demolitions zone.
14:14 of 1st period - Snap shot by Chris Thorburn.
14:14 of 1st period - Stopped by Joe Cannata without a rebound.
14:15 of 1st period - Nicolas Blanchard wins face-off versus Stephane Da Costa in Demolitions zone.
14:50 of 1st period - Chris Thorburn is hit by Ryan Bayda and loses puck.
14:59 of 1st period - Wrist shot by Ryan Bayda.
14:59 of 1st period - Shot Misses the Net.
15:01 of 1st period - Snap shot by Nicolas Blanchard.
15:01 of 1st period - Stopped by Brad Thiessen without a rebound.
15:02 of 1st period - Tommy Wingels wins face-off versus Brandon McMillan in Senators zone.
15:11 of 1st period - Slapshot by Ian Cole.
15:11 of 1st period - Stopped by Joe Cannata with a rebound.
15:35 of 1st period - Tommy Wingels is hit by Derek Forbort.
15:47 of 1st period - Snap shot by Tommy Wingels.
15:47 of 1st period - Shot Misses the Net.
15:59 of 1st period - Tommy Wingels is hit by Bobby Butler and loses puck.
16:26 of 1st period - Snap shot by Chris Thorburn.
16:26 of 1st period - Stopped by Joe Cannata with a rebound.
16:28 of 1st period - Snap shot by Stephane Da Costa.
16:28 of 1st period - Stopped by Joe Cannata with a rebound.
16:30 of 1st period - Wrist shot by Stephane Da Costa.
16:30 of 1st period - Shot Misses the Net.
16:32 of 1st period - Slapshot by Arturs Kulda.
16:32 of 1st period - Shot Misses the Net.
16:34 of 1st period - Wrist shot by Stephane Da Costa.
16:34 of 1st period - Deflect By Chris Thorburn.
16:34 of 1st period - Stopped by Joe Cannata without a rebound.
16:35 of 1st period - Andrej Nestrasil wins face-off versus Shane Prince in Demolitions zone.
16:48 of 1st period - Slapshot by Marc-André Bernier.
16:48 of 1st period - Deflect By Cameron Schilling.
16:48 of 1st period - Shot Blocked by Jonathan Blum.
16:48 of 1st period - Puck is out of play.
16:49 of 1st period - Stephane Da Costa wins face-off versus Nicolas Blanchard in Demolitions zone.
16:50 of 1st period - Snap shot by Gabriel Bourque.
16:50 of 1st period - Shot Misses the Net.
17:34 of 1st period - Logan Stephenson is hit by Mikko Lehtonen and loses puck.
18:02 of 1st period - Wrist shot by Patrick Bordeleau.
18:02 of 1st period - Shot Misses the Net.
18:08 of 1st period - Minor Penalty to Ryan Russell for Hooking.
18:09 of 1st period - Stephane Da Costa wins face-off versus Bobby Butler in Demolitions zone.
19:30 of 1st period - Snap shot by Erik Condra.
19:30 of 1st period - Shot Misses the Net.
19:32 of 1st period - Snap shot by Jack Skille.
19:32 of 1st period - Shot Misses the Net.
19:34 of 1st period - Wrist shot by Jack Skille.
19:34 of 1st period - Shot Misses the Net.
19:36 of 1st period - Snap shot by Cameron Schilling.
19:36 of 1st period - Stopped by Brad Thiessen with a rebound.
19:38 of 1st period - Backhand shot by Jonathan Blum.
19:38 of 1st period - Shot Misses the Net.
19:54 of 1st period - Patrick Bordeleau is hit by Josh Beaulieu.
Goals for this period are 0 for Demolitions vs 1 for Senators.
Shots for this period are 12 for Demolitions vs 9 for Senators.
2nd period
0:01 of 2nd period - Stephane Da Costa wins face-off versus Bobby Butler in neutral zone.
0:08 of 2nd period - Penalty to Ryan Russell is over, Ryan Russell is back on ice.
0:15 of 2nd period - Cameron Schilling is hit by Arturs Kulda and loses puck.
0:50 of 2nd period - Snap shot by Bobby Butler.
0:50 of 2nd period - Goal by Bobby Butler - Demolitions : 1 - Senators : 1.
0:51 of 2nd period - Nicolas Blanchard wins face-off versus Stephane Da Costa in neutral zone.
1:39 of 2nd period - Slapshot by Bobby Butler.
1:39 of 2nd period - Deflect By Mikko Lehtonen.
1:39 of 2nd period - Shot Misses the Net.
1:39 of 2nd period - Puck is out of play.
1:40 of 2nd period - Frazer Mclaren wins face-off versus Ryan Dzingel in Senators zone.
1:43 of 2nd period - Wrist shot by Mikko Lehtonen.
1:43 of 2nd period - Shot Blocked by Logan Stephenson.
2:15 of 2nd period - Minor Penalty to Frazer Mclaren for Holding.
2:16 of 2nd period - Bobby Butler wins face-off versus Stephane Da Costa in Demolitions zone.
3:12 of 2nd period - Patrick Bordeleau is hit by Cameron Schilling and loses puck.
3:21 of 2nd period - Snap shot by Arturs Kulda.
3:21 of 2nd period - Shot Misses the Net.
3:32 of 2nd period - Off-side.
3:33 of 2nd period - Chris Thorburn wins face-off versus Erik Condra in neutral zone.
4:15 of 2nd period - Penalty to Frazer Mclaren is over, Frazer Mclaren is back on ice.
4:22 of 2nd period - Cameron Schilling is hit by Jeff Petry and loses puck.
4:30 of 2nd period - Off-side.
4:31 of 2nd period - Bobby Butler wins face-off versus Shane Prince in neutral zone.
5:35 of 2nd period - Frazer Mclaren is hit by Arturs Kulda and loses puck.
5:56 of 2nd period - Jonathan Blum is hit by Arturs Kulda and loses puck.
6:04 of 2nd period - Icing by Corban Knight.
6:05 of 2nd period - Corban Knight wins face-off versus Chris Thorburn in Demolitions zone.
6:19 of 2nd period - Off-side.
6:20 of 2nd period - Nicolas Blanchard wins face-off versus Matt Frattin in neutral zone.
6:20 of 2nd period - Ryan Bayda is hit by Matt Frattin and loses puck.
6:33 of 2nd period - Snap shot by Tommy Wingels.
6:33 of 2nd period - Stopped by Joe Cannata without a rebound.
6:34 of 2nd period - Corban Knight wins face-off versus Stephane Da Costa in Demolitions zone.
6:34 of 2nd period - Corban Knight is hit by Gabriel Bourque.
6:42 of 2nd period - Icing by Bobby Butler.
6:43 of 2nd period - Corban Knight wins face-off versus Stephane Da Costa in Demolitions zone.
6:54 of 2nd period - Ian Cole is hit by Bobby Butler.
7:13 of 2nd period - Wrist shot by Erik Condra.
7:13 of 2nd period - Deflect By Corban Knight.
7:13 of 2nd period - Stopped by Brad Thiessen with a rebound.
7:54 of 2nd period - Slapshot by Gabriel Bourque.
7:54 of 2nd period - Deflect By Stephane Da Costa.
7:54 of 2nd period - Stopped by Joe Cannata without a rebound.
7:55 of 2nd period - Nicolas Blanchard wins face-off versus Tommy Wingels in Demolitions zone.
7:55 of 2nd period - Nicolas Blanchard is hit by Matt Frattin.
8:01 of 2nd period - Snap shot by Tommy Wingels.
8:01 of 2nd period - Shot Blocked by Nicolas Blanchard.
8:03 of 2nd period - Snap shot by Tommy Wingels.
8:03 of 2nd period - Goal by Tommy Wingels - Demolitions : 1 - Senators : 2.
8:04 of 2nd period - Nicolas Blanchard wins face-off versus Tommy Wingels in neutral zone.
8:41 of 2nd period - Snap shot by Patrick Bordeleau.
8:41 of 2nd period - Shot Blocked by Dmitri Orlov.
8:43 of 2nd period - Slapshot by Patrick Bordeleau.
8:43 of 2nd period - Stopped by Joe Cannata with a rebound.
8:45 of 2nd period - Snap shot by Matt Frattin.
8:45 of 2nd period - Shot Blocked by Robert Bortuzzo.
8:47 of 2nd period - Wrist shot by Logan Stephenson.
8:47 of 2nd period - Deflect By Matt Frattin.
8:47 of 2nd period - Stopped by Joe Cannata with a rebound.
8:58 of 2nd period - Off-side.
8:59 of 2nd period - Mikko Lehtonen wins face-off versus Gabriel Bourque in neutral zone.
9:13 of 2nd period - Slapshot by Ian Cole.
9:13 of 2nd period - Stopped by Joe Cannata with a rebound.
9:15 of 2nd period - Slapshot by Stephane Da Costa.
9:15 of 2nd period - Shot Blocked by Frazer Mclaren.
9:28 of 2nd period - Jonathan Blum is hit by Arturs Kulda and loses puck.
9:31 of 2nd period - Snap shot by Ryan Bayda.
9:31 of 2nd period - Stopped by Brad Thiessen without a rebound.
9:32 of 2nd period - Stephane Da Costa wins face-off versus Nicolas Blanchard in Senators zone.
10:22 of 2nd period - Wrist shot by Matt Frattin.
10:22 of 2nd period - Shot Blocked by Jonathan Blum.
10:24 of 2nd period - Wrist shot by Patrick Bordeleau.
10:24 of 2nd period - Shot Misses the Net.
10:26 of 2nd period - Wrist shot by Matt Frattin.
10:26 of 2nd period - Stopped by Joe Cannata with a rebound.
10:42 of 2nd period - Snap shot by Tomas Jurco.
10:42 of 2nd period - Shot Misses the Net.
11:00 of 2nd period - Slapshot by Erik Condra.
11:00 of 2nd period - Goal by Erik Condra - Demolitions : 2 - Senators : 2.
11:01 of 2nd period - Nicolas Blanchard wins face-off versus Stephane Da Costa in neutral zone.
11:14 of 2nd period - Slapshot by Nicolas Blanchard.
11:14 of 2nd period - Deflect By Gabriel Bourque.
11:14 of 2nd period - Shot Blocked by Arturs Kulda.
11:14 of 2nd period - Puck is out of play.
11:15 of 2nd period - Bobby Butler wins face-off versus Stephane Da Costa in Senators zone.
11:18 of 2nd period - Wrist shot by Bobby Butler.
11:18 of 2nd period - Shot Misses the Net.
11:41 of 2nd period - Patrick Bordeleau is hit by Jack Skille and loses puck.
11:58 of 2nd period - Minor Penalty to Jack Skille for Hooking.
11:59 of 2nd period - Stephane Da Costa wins face-off versus Bobby Butler in Demolitions zone.
13:58 of 2nd period - Penalty to Jack Skille is over, Jack Skille is back on ice.
14:21 of 2nd period - Marc-André Bernier is hit by Jack Skille and loses puck.
14:34 of 2nd period - Erik Condra is hit by Jeff Petry and loses puck.
14:41 of 2nd period - Erik Condra is hit by Shane Prince and loses puck.
15:04 of 2nd period - Slapshot by Ryan Dzingel.
15:04 of 2nd period - Shot Misses the Net.
15:11 of 2nd period - Snap shot by Erik Condra.
15:11 of 2nd period - Shot Misses the Net.
15:13 of 2nd period - Backhand shot by Derek Forbort.
15:13 of 2nd period - Deflect By Logan Stephenson.
15:13 of 2nd period - Stopped by Brad Thiessen with a rebound.
15:15 of 2nd period - Wrist shot by Erik Condra.
15:15 of 2nd period - Deflect By Jack Skille.
15:15 of 2nd period - Shot Misses the Net.
15:15 of 2nd period - Puck is out of play.
15:16 of 2nd period - Stephane Da Costa wins face-off versus Brandon McMillan in Senators zone.
15:26 of 2nd period - Minor Penalty to Arturs Kulda for Interference.
15:27 of 2nd period - Stephane Da Costa wins face-off versus Nicolas Blanchard in Senators zone.
15:27 of 2nd period - Stephane Da Costa is hit by Nicolas Blanchard.
16:05 of 2nd period - Slapshot by Mike Sauer.
16:05 of 2nd period - Stopped by Brad Thiessen with a rebound.
16:07 of 2nd period - Wrist shot by Corban Knight.
16:07 of 2nd period - Goal by Corban Knight - Demolitions : 3 - Senators : 2.
16:08 of 2nd period - Nicolas Blanchard wins face-off versus Tommy Wingels in neutral zone.
16:13 of 2nd period - Wrist shot by Ryan Bayda.
16:13 of 2nd period - Shot Misses the Net.
16:21 of 2nd period - Wrist shot by Matt Frattin.
16:21 of 2nd period - Shot Blocked by Jack Skille.
16:33 of 2nd period - Jonathan Blum is hit by Ryan Dzingel and loses puck.
17:10 of 2nd period - Backhand shot by Gabriel Bourque.
17:10 of 2nd period - Stopped by Joe Cannata without a rebound.
17:11 of 2nd period - Tommy Wingels wins face-off versus Bobby Butler in Demolitions zone.
17:12 of 2nd period - Backhand shot by Matt Frattin.
17:12 of 2nd period - Stopped by Joe Cannata without a rebound.
17:13 of 2nd period - Corban Knight wins face-off versus Tommy Wingels in Demolitions zone.
17:51 of 2nd period - Minor Penalty to Cameron Schilling for Holding.
17:52 of 2nd period - Bobby Butler wins face-off versus Stephane Da Costa in Demolitions zone.
19:11 of 2nd period - Icing by Matt Frattin.
19:12 of 2nd period - Bobby Butler wins face-off versus Tommy Wingels in Senators zone.
19:21 of 2nd period - Jeff Petry is hit by Jack Skille and loses puck.
19:36 of 2nd period - Wrist shot by Matt Frattin.
19:36 of 2nd period - Stopped by Joe Cannata without a rebound.
19:37 of 2nd period - Stephane Da Costa wins face-off versus Bobby Butler in Demolitions zone.
19:49 of 2nd period - Off-side.
19:50 of 2nd period - Bobby Butler wins face-off versus Gabriel Bourque in neutral zone.
19:51 of 2nd period - Penalty to Cameron Schilling is over, Cameron Schilling is back on ice.
19:59 of 2nd period - Ryan Bayda is hit by Ian Cole and loses puck.
Goals for this period are 3 for Demolitions vs 1 for Senators.
Shots for this period are 7 for Demolitions vs 10 for Senators.
3rd period
0:01 of 3rd period - Stephane Da Costa wins face-off versus Corban Knight in neutral zone.
0:06 of 3rd period - Snap shot by Gabriel Bourque.
0:06 of 3rd period - Goal by Gabriel Bourque - Demolitions : 3 - Senators : 3.
0:07 of 3rd period - Corban Knight wins face-off versus Stephane Da Costa in neutral zone.
0:15 of 3rd period - Minor Penalty to Seth Helgeson for Hooking.
0:16 of 3rd period - Bobby Butler wins face-off versus Stephane Da Costa in Demolitions zone.
0:46 of 3rd period - Snap shot by Erik Condra.
0:46 of 3rd period - Shot Misses the Net.
1:41 of 3rd period - Wrist shot by Matt Frattin.
1:41 of 3rd period - Shot Misses the Net.
1:43 of 3rd period - Wrist shot by Tommy Wingels.
1:43 of 3rd period - Deflect By Matt Frattin.
1:43 of 3rd period - Shot Blocked by Erik Condra.
1:43 of 3rd period - Puck is out of play.
1:44 of 3rd period - Stephane Da Costa wins face-off versus Erik Condra in Demolitions zone.
2:15 of 3rd period - Penalty to Seth Helgeson is over, Seth Helgeson is back on ice.
2:26 of 3rd period - Jonathan Blum is hit by Logan Stephenson and loses puck.
2:58 of 3rd period - Icing by Seth Helgeson.
2:59 of 3rd period - Tommy Wingels wins face-off versus Corban Knight in Demolitions zone.
3:02 of 3rd period - Snap shot by Matt Frattin.
3:02 of 3rd period - Stopped by Joe Cannata without a rebound.
3:03 of 3rd period - Tommy Wingels wins face-off versus Corban Knight in Demolitions zone.
3:17 of 3rd period - Wrist shot by Matt Frattin.
3:17 of 3rd period - Stopped by Joe Cannata with a rebound.
3:19 of 3rd period - Slapshot by Patrick Bordeleau.
3:19 of 3rd period - Deflect By Matt Frattin.
3:19 of 3rd period - Shot Blocked by Seth Helgeson.
3:19 of 3rd period - Puck is out of play.
3:20 of 3rd period - Stephane Da Costa wins face-off versus Nicolas Blanchard in Demolitions zone.
3:36 of 3rd period - Minor Penalty to Gabriel Bourque for High sticking.
3:37 of 3rd period - Stephane Da Costa wins face-off versus Corban Knight in Senators zone.
3:39 of 3rd period - Minor Penalty to Arturs Kulda for Roughing.
3:40 of 3rd period - Corban Knight wins face-off versus Stephane Da Costa in Senators zone.
4:19 of 3rd period - Slapshot by Cameron Schilling.
4:19 of 3rd period - Shot Blocked by Logan Stephenson.
4:21 of 3rd period - Slapshot by Jonathan Blum.
4:21 of 3rd period - Deflect By Nicolas Blanchard.
4:21 of 3rd period - Demolitions goal is going for a video replay.
4:21 of 3rd period - The goal is good.
4:21 of 3rd period - Goal by Nicolas Blanchard - Demolitions : 4 - Senators : 3.
4:22 of 3rd period - Corban Knight wins face-off versus Stephane Da Costa in neutral zone.
4:27 of 3rd period - Wrist shot by Bobby Butler.
4:27 of 3rd period - Stopped by Brad Thiessen with a rebound.
4:29 of 3rd period - Wrist shot by Corban Knight.
4:29 of 3rd period - Stopped by Brad Thiessen with a rebound.
4:31 of 3rd period - Slapshot by Bobby Butler.
4:31 of 3rd period - Shot Misses the Net.
4:33 of 3rd period - Backhand shot by Cameron Schilling.
4:33 of 3rd period - Shot Blocked by Gabriel Bourque.
4:37 of 3rd period - Slapshot by Erik Condra.
4:37 of 3rd period - Stopped by Brad Thiessen with a rebound.
5:01 of 3rd period - Slapshot by Chris Thorburn.
5:01 of 3rd period - Shot Misses the Net.
5:39 of 3rd period - Penalty to Arturs Kulda is over, Arturs Kulda is back on ice.
5:47 of 3rd period - Snap shot by Frazer Mclaren.
5:47 of 3rd period - Deflect By Mikko Lehtonen.
5:47 of 3rd period - Shot Blocked by Jeff Petry.
5:47 of 3rd period - Puck is out of play.
5:48 of 3rd period - Shane Prince wins face-off versus Brandon McMillan in Senators zone.
6:13 of 3rd period - Dmitri Orlov is hit by Patrick Bordeleau and loses puck.
6:46 of 3rd period - Mike Sauer is hit by Chris Thorburn and loses puck.
7:01 of 3rd period - Snap shot by Arturs Kulda.
7:01 of 3rd period - Stopped by Joe Cannata with a rebound.
7:06 of 3rd period - Icing by Ryan Russell.
7:07 of 3rd period - Tommy Wingels wins face-off versus Andrej Nestrasil in Demolitions zone.
7:16 of 3rd period - Snap shot by Patrick Bordeleau.
7:16 of 3rd period - Shot Misses the Net.
7:32 of 3rd period - Slapshot by Logan Stephenson.
7:32 of 3rd period - Shot Misses the Net.
7:34 of 3rd period - Slapshot by Jeff Petry.
7:34 of 3rd period - Shot Misses the Net.
8:01 of 3rd period - Stephane Da Costa is hit by Seth Helgeson and loses puck.
8:34 of 3rd period - Snap shot by Mikko Lehtonen.
8:34 of 3rd period - Shot Misses the Net.
8:36 of 3rd period - Snap shot by Ryan Russell.
8:36 of 3rd period - Stopped by Brad Thiessen with a rebound.
8:38 of 3rd period - Slapshot by Jonathan Blum.
8:38 of 3rd period - Shot Blocked by Ian Cole.
8:40 of 3rd period - Slapshot by Jonathan Blum.
8:40 of 3rd period - Stopped by Brad Thiessen without a rebound.
8:41 of 3rd period - Andrej Nestrasil wins face-off versus Stephane Da Costa in Senators zone.
8:58 of 3rd period - Snap shot by Andrej Nestrasil.
8:58 of 3rd period - Stopped by Brad Thiessen without a rebound.
8:59 of 3rd period - Corban Knight wins face-off versus Tommy Wingels in Senators zone.
9:00 of 3rd period - Snap shot by Bobby Butler.
9:00 of 3rd period - Stopped by Brad Thiessen with a rebound.
9:14 of 3rd period - Wrist shot by Tommy Wingels.
9:14 of 3rd period - Stopped by Joe Cannata without a rebound.
9:15 of 3rd period - Stephane Da Costa wins face-off versus Nicolas Blanchard in Demolitions zone.
9:22 of 3rd period - Snap shot by Jonathan Blum.
9:22 of 3rd period - Deflect By Chris Thorburn.
9:22 of 3rd period - Stopped by Brad Thiessen without a rebound.
9:23 of 3rd period - Stephane Da Costa wins face-off versus Nicolas Blanchard in Senators zone.
9:58 of 3rd period - Snap shot by Erik Condra.
9:58 of 3rd period - Shot Misses the Net.
10:06 of 3rd period - Minor Penalty to Corban Knight for Tripping.
10:07 of 3rd period - Stephane Da Costa wins face-off versus Bobby Butler in Demolitions zone.
10:40 of 3rd period - Wrist shot by Tommy Wingels.
10:40 of 3rd period - Shot Misses the Net.
10:42 of 3rd period - Snap shot by Ian Cole.
10:42 of 3rd period - Stopped by Joe Cannata with a rebound.
11:36 of 3rd period - Arturs Kulda is hit by Alex Hutchings.
12:06 of 3rd period - Penalty to Corban Knight is over, Corban Knight is back on ice.
12:14 of 3rd period - Backhand shot by Marc-André Bernier.
12:14 of 3rd period - Stopped by Joe Cannata without a rebound.
12:15 of 3rd period - Shane Prince wins face-off versus Brandon McMillan in Demolitions zone.
12:33 of 3rd period - Minor Penalty to Dylan Blujus for Elbowing.
12:34 of 3rd period - Corban Knight wins face-off versus Stephane Da Costa in Senators zone.
12:38 of 3rd period - Snap shot by Bobby Butler.
12:38 of 3rd period - Shot Misses the Net.
13:37 of 3rd period - Off-side.
13:38 of 3rd period - Nicolas Blanchard wins face-off versus Chris Thorburn in neutral zone.
13:55 of 3rd period - Minor Penalty to Chris Thorburn for Cross-checking.
13:56 of 3rd period - Corban Knight wins face-off versus Stephane Da Costa in Senators zone.
14:33 of 3rd period - Penalty to Dylan Blujus is over, Dylan Blujus is back on ice.
15:09 of 3rd period - Snap shot by Stephane Da Costa.
15:09 of 3rd period - Stopped by Joe Cannata with a rebound.
15:55 of 3rd period - Penalty to Chris Thorburn is over, Chris Thorburn is back on ice.
16:16 of 3rd period - Slapshot by Dylan Blujus.
16:16 of 3rd period - Shot Misses the Net.
16:18 of 3rd period - Wrist shot by Marc-André Bernier.
16:18 of 3rd period - Shot Blocked by Mikko Lehtonen.
16:36 of 3rd period - Slapshot by Cameron Schilling.
16:36 of 3rd period - Shot Blocked by Arturs Kulda.
16:38 of 3rd period - Slapshot by Cameron Schilling.
16:38 of 3rd period - Shot Misses the Net.
16:48 of 3rd period - Nicolas Blanchard is hit by Matt Frattin and loses puck.
17:07 of 3rd period - Snap shot by Billy Sweat.
17:07 of 3rd period - Deflect By Josh Beaulieu.
17:07 of 3rd period - Shot Misses the Net.
17:07 of 3rd period - Puck is out of play.
17:08 of 3rd period - Shane Prince wins face-off versus Billy Sweat in Senators zone.
17:48 of 3rd period - Slapshot by Seth Helgeson.
17:48 of 3rd period - Stopped by Brad Thiessen with a rebound.
18:18 of 3rd period - Matt Frattin is hit by Mike Sauer and loses puck.
18:49 of 3rd period - Senators, Brad Thiessen is pulled from the net.
19:54 of 3rd period - Minor Penalty to Ian Cole for Hooking.
19:55 of 3rd period - Brad Thiessen from Senators was sent back in the game.
19:55 of 3rd period - Nicolas Blanchard wins face-off versus Jarrod Maidens in Senators zone.
19:57 of 3rd period - Wrist shot by Jack Skille.
19:57 of 3rd period - Stopped by Brad Thiessen without a rebound.
19:58 of 3rd period - Patrick Roy call a timeout for Senators.
19:58 of 3rd period - Jarrod Maidens wins face-off versus Nicolas Blanchard in Senators zone.
Goals for this period are 1 for Demolitions vs 1 for Senators.
Shots for this period are 11 for Demolitions vs 8 for Senators.
Back to the Top